 Dungeon Crawl Stone Soup version 0.17.1-3-g152610e (webtiles) character file.

613 kaze the Shield-Bearer (level 7, -1/60 HPs)
             Began as a Hill Orc Fighter on Apr 7, 2016.
             Killed by divine providence
             ... invoked by an orc priest
              (15 damage)
             ... on level 4 of the Dungeon.
             The game lasted 00:07:05 (3788 turns).

kaze the Shield-Bearer (Hill Orc Fighter)           Turns: 3788, Time: 00:07:07

Health: -1/60      AC: 12    Str: 21    XL:     7   Next: 44%
Magic:  7/7        EV:  3    Int:  8    God:
Gold:   159        SH: 15    Dex: 10    Spells: 0 memorised, 6 levels left

rFire  . . .     SeeInvis .     a - +0 trident
rCold  . . .     Clarity  .     t - +0 plate armour
rNeg   . . .     SustAt   .     n - +0 large shield
rPois  .         Gourm    .     (no helmet)
rElec  .         Spirit   .     (no cloak)
rCorr  +         Warding  .     (no gloves)
rMut   .         Stasis   .     (no boots)
MR     .....                    c - amulet of resist corrosion
Stlth  ..........               (no ring)
                                (no ring)

@: not resistant to hostile enchantments, extremely unstealthy
A: no striking features
a: Convert to Beogh


You were on level 4 of the Dungeon.
You were hungry.

You visited 1 branch of the dungeon, and saw 4 of its levels.

You collected 159 gold pieces.

Inventory:

Hand Weapons
 a - a +0 trident (weapon)
Missiles
 y - 4 tomahawks (quivered)
Armour
 n - a +0 large shield (worn)
 t - a +0 plate armour (worn)
Jewellery
 c - an amulet of resist corrosion (around neck)
 o - an uncursed amulet of clarity
Wands
 e - a wand of flame (34)
 q - a wand of hasting (4)
Scrolls
 b - a scroll of amnesia {unknown}
 f - 2 scrolls of remove curse {unknown}
 g - 2 scrolls of teleportation {unknown}
 j - 4 scrolls of identify {unknown}
Potions
 d - a potion of might
 h - 2 potions of mutation {unknown}
 i - 2 potions of lignification {unknown}
 m - a potion of heal wounds {unknown}
 p - 2 potions of haste {unknown}
 r - 2 potions of brilliance {unknown}
 u - a potion of curing {unknown}
 z - a potion of invisibility {unknown}
Books
 k - a book of Power

   Spells                             Type                      Level
   a - Fulminant Prism                Conjuration/Hexes            4
   b - Iskenderun's Mystic Blast      Conjuration                  4
   c - Venom Bolt                     Conjuration/Poison           5
   d - Bolt of Magma                  Conjuration/Fire/Earth       5
   e - Iron Shot                      Conjuration/Earth            6
   f - Orb of Destruction             Conjuration                  7
   g - Spellforged Servitor           Conjuration/Summoning        7
Comestibles
 l - 2 slices of pizza
 s - 2 beef jerkies
 v - a bread ration
 w - a meat ration


   Skills:
 + Level 4.8 Fighting
 + Level 3.6 Polearms
 * Level 5.4 Armour
 * Level 2.3 Dodging
 + Level 0.1 Stealth
 * Level 5.8 Shields


You had 6 spell levels left.
You didn't know any spells.

Dungeon Overview and Level Annotations

Branches:
Dungeon (4/15)
 Temple: D:4-7

Altars:
Kikubaaqudgha
Nemelex Xobeh


Message History

You block the orc's attack.
You barely miss the orc.
The orc is severely wounded.
The orc hits you but does no damage.
The orc wizard gestures wildly while chanting.
The orc wizard seems to speed up.
You hit the orc.
You kill the orc!
The orc throws a stone.
The stone hits you but does no damage.
All of the chunks of flesh in your inventory have rotted away.
Your shield and plate armour prevent you from hitting the orc priest.
The orc priest looks braver for a moment.
You hit the orc priest but do no damage.
The orc priest threatens, "By the altar or by the axe, you will meet Beogh!"
You hit the orc wizard but do no damage.
The orc wizard casts a spell at you. You resist with some effort.
The orc priest mumbles some strange prayers to Beogh against you.
Something smites you!
You die...

##.#.#########.# #.# .....#
#.###### #.# #####.#
#......# ###.# ##'#
#..###.# #.... ##...# #..#
#.# #.#.# ##.....##
#..###.# #.#.# #....<..##
##......# #.#..
.........####...#######.#..
........oo@................
........o####...###########
#.......## #..## #
##.....## #.## # ##...# #.#
..... #.# .###.. #.# #ยง.
.#


You could see an orc priest, an orc wizard and an orc.

Vanquished Creatures
  A phantom (D:4)
  An ogre (D:4)
  A scorpion (D:4)
  A jelly (D:4)
  2 hounds (D:4)
  A centaur skeleton (D:4)
  3 iguanas (D:4)
  A worker ant (D:4)
  10 adders
  2 oozes (D:1)
  14 orcs
  8 bats
  6 hobgoblins
  6 giant cockroaches
  A giant gecko (D:2)
  3 giant newts
  5 goblins
  A jackal zombie (D:4)
  7 kobolds
  5 quokkas
  9 rats
88 creatures vanquished.

Notes
Turn   | Place    | Note
--------------------------------------------------------------
     0 | D:1      | kaze the Hill Orc Fighter began the quest for the Orb.
     0 | D:1      | Reached XP level 1. HP: 19/19 MP: 1/1
   115 | D:1      | Reached XP level 2. HP: 24/27 MP: 2/2
   596 | D:1      | Reached skill level 4 in Shields
   596 | D:1      | Reached XP level 3. HP: 26/33 MP: 3/3
   967 | D:2      | Found an ancient bone altar of Kikubaaqudgha.
  1150 | D:2      | Reached skill level 1 in Dodging
  1150 | D:2      | Reached XP level 4. HP: 15/40 MP: 4/4
  2221 | D:4      | Reached XP level 5. HP: 16/46 MP: 5/5
  2533 | D:4      | HP: 2/46 [acid (1)]
  2898 | D:4      | Reached XP level 6. HP: 45/52 MP: 6/6
  3335 | D:4      | Noticed a phantom
  3362 | D:4      | Killed a phantom
  3362 | D:4      | Reached skill level 5 in Shields
  3462 | D:4      | Reached skill level 5 in Armour
  3474 | D:4      | Noticed an ogre
  3483 | D:4      | Killed an ogre
  3483 | D:4      | Reached XP level 7. HP: 47/60 MP: 7/7
  3703 | D:4      | Found a sparkling altar of Nemelex Xobeh.
  3788 | D:4      | Killed from afar by an orc priest

Action                   |  1- 3 |  4- 6 |  7- 9 || total
-------------------------+-------+-------+-------++-------
Melee: Trident           |   187 |   224 |    84 ||   495
  Use: Potion            |       |     1 |       ||     1
  Eat: Bread ration      |     1 |     1 |       ||     2
       Chunk             |       |       |     1 ||     1
